 Dungeon Sprint DCSS version 0.30-a0-852-g08b95dd62f (webtiles) character file.

Game seed: 3959390038440396944

513 dialectric the Protected (level 7, 7/45 HPs)
             Began as a Gargoyle Fighter on Mar 5, 2023.
             Got out of the dungeon alive.
             The game lasted 00:00:31 (79 turns).

dialectric the Protected (Gargoyle Fighter)           Turns: 79, Time: 00:00:31

Health: 7/45       AC: 13    Str: 19    XL:     7   Next: 20%
Magic:  7/7        EV: 10    Int:  7    God:
Gold:   243        SH:  0    Dex:  7    Spells: 6/6 levels left

rFire   . . .      SeeInvis .    a - +0 long sword
rCold   . . .      Faith    .    (no shield)
rNeg    + . .      Spirit   .    b - +0 scale mail
rPois   ∞          Reflect  .    (no helmet)
rElec   +          Rampage  .    (no cloak)
rCorr   .          NoTele   +    (no gloves)
Will    .....      Rage     3%   (no boots) Stlth
                                 (no amulet)
HPRegen 0.00/turn                (no ring)
MPRegen 0.10/turn                (no ring)

@: inhibited regen
A: sickness immunity, AC +4, negative energy resistance 1, electricity
resistance, torment resistance 1, petrification resistance, berserk 1, clumsy 2,
dopey 1, frail 1, screaming 1, inhibited regeneration, no potion heal 2,
inability to drink after injury 2
a: no special abilities


You escaped.
You visited 1 branch You collected 243 gold pieces.

Inventory:

Hand Weapons
 a - a +0 long sword (weapon)
Armour
 b - a +0 scale mail (worn)
 c - a +0 buckler
Scrolls
 j - a scroll of blinking
Potions
 d - a potion of might
 e - a potion of curing
 g - a potion of haste
 h - 2 potions of magic


   Skills:
 + Level 9.0 Fighting
 + Level 6.3 Long Blades
 + Level 9.5 Armour
 * Level 4.4 Dodging
 - Level 6.3 Shields


You had 6 spell levels left.
You didn't know any spells.
Your spell library was empty.

Dungeon Overview and Level Annotations

Branches:
Dungeon (1/1)

Altars:


Innate Abilities, Weirdness & Mutations

You are immune to sickness and miasma.
Your stone body is resilient. (AC +4)
You are immune to poison.
You resist negative energy. (rN+)
You are resistant to electric shocks. (rElec)
You are resistant to unholy torment.
You are immune to petrification.
You sometimes lose your temper in combat.
You are very clumsy. (Dex -4)
You are dopey. (Int -2)
You are frail. (-10% HP)
You occasionally shout uncontrollably at your foes.
You do not regenerate when monsters are visible.
Potions cannot restore your health.
You sometimes lose the ability to drink potions when taking damage.


Message History

The neqoxec is almost dead.
You recover from your berserk rage.
Your intelligence has recovered.
You feel yourself speed up. The neqoxec hits you.
You feel threatened and lose the ability to drink potions!
* * * LOW HITPOINT WARNING * * *
The neqoxec misses you.
You barely miss the neqoxec.
The neqoxec is almost dead.
The neqoxec gestures at you.
Strange energies course through your body.
You feel frail.
You slash the neqoxec!
You kill the neqoxec!
You feel your intelligence returning.
Your Fighting skill increases to level 9!
Your Long Blades skill increases to level 6!
Your Dodging skill increases to level 4!
You have reached level 7!
Unknown command.
You can drink potions again.
There is an open door here.
You now have 243 gold pieces.
You start resting.
You feel a genetic drift.
You feel clumsy.
You no longer feel a malignance within.
Unknown command.
Unknown command.
There is an open door here.
There is a staircase leading out of the dungeon here.
You open the door. 2 boulder beetles come into view.
Found 243 gold pieces.
Okay, then.
The boulder beetle curls into a ball and begins rolling! x2
There is a staircase leading out of the dungeon here.
Are you sure you want to leave the Dungeon?
This will make you lose the game!
The boulder beetle stops rolling and uncurls.
You have escaped!

## # #.###+#
.##
#..##.##B..#
#.'.@.B#
#.##.##°..#
#.###+# .##
## #


You could see 2 boulder beetles.

Vanquished Creatures
  4 neqoxecs (D)
4 creatures vanquished.

Vanquished Creatures (others)
  Menkaure (D)
1 creature vanquished.

Grand Total: 5 creatures vanquished

Notes
Turn   | Place    | Note
-------+----------+-------------------------------------------
     0 | D        | dialectric the Gargoyle Fighter began the quest for the
                  | Orb.
     0 | D        | Reached XP level 1. HP: 14/14 MP: 1/1
     8 | D        | Noticed a neqoxec
     8 | D        | Noticed a neqoxec
     8 | D        | Noticed a neqoxec
     8 | D        | Noticed a neqoxec
    15 | D        | Killed a neqoxec
    16 | D        | Reached XP level 2. HP: 11/23 MP: 2/2
    16 | D        | Reached XP level 3. HP: 13/28 MP: 3/3
    16 | D        | Reached XP level 4. HP: 15/32 MP: 4/4
    16 | D        | Reached XP level 5. HP: 18/37 MP: 5/5
    19 | D        | Killed a neqoxec
    20 | D        | Reached XP level 6. HP: 10/44 MP: 6/6
    23 | D        | HP: 1/66 [neqoxec (10)]
    25 | D        | Killed Menkaure
    28 | D        | Gained mutation: You are clumsy. (Dex -2) [a neqoxec]
    29 | D        | Gained mutation: You occasionally lose the ability to drink
                  | potions when taking damage. [a neqoxec]
    35 | D        | Gained mutation: Potions are less effective at restoring
                  | your health. [a neqoxec]
    36 | D        | Gained mutation: You have hidden genetic defects. [a
                  | neqoxec]
    38 | D        | Killed a neqoxec
    38 | D        | Lost intelligence.
    39 | D        | Reached skill level 5 in Long Blades
    39 | D        | Gained mutation: You occasionally shout uncontrollably at
                  | your foes. [a neqoxec]
    40 | D        | Gained mutation: You sometimes lose your temper in combat.
                  | [hidden defects]
    44 | D        | Gained mutation: You sometimes lose the ability to drink
                  | potions when taking damage. [a neqoxec]
    45 | D        | Gained mutation: You are dopey. (Int -2) [a neqoxec]
    49 | D        | Gained mutation: Potions cannot restore your health. [a
                  | neqoxec]
    52 | D        | Gained mutation: You do not regenerate when monsters are
                  | visible. [a neqoxec]
    56 | D        | HP: 2/45 [neqoxec (5)]
    57 | D        | Gained mutation: You are frail. (-10% HP) [a neqoxec]
    58 | D        | Killed a neqoxec
    59 | D        | Reached XP level 7. HP: 2/45 MP: 7/7
    71 | D        | Gained mutation: You are very clumsy. (Dex -4) [hidden
                  | defects]
    71 | D        | Lost mutation: You have hidden genetic defects. [hidden
                  | defects expressed]
    76 | D        | Noticed a boulder beetle
    76 | D        | Noticed a boulder beetle
    79 | D        | Got out of the dungeon alive.

Illustrated notes

Levels and vault maps discovered:
D:        the_violet_keep_of_menkaure [sprint2_stairs_cluster_1,
          sprint2_shoproom, sprint2_temple, sprint2_basic_supplies,
          sprint2_obstacle_3, sprint2_obstacle_7, sprint2_obstacle_6,
          sprint2_obstacle_4, sprint2_obstacle_2, sprint2_timed_cluster_1,
          sprint2_smallroom_cluster_1, sprint2_smallroom_final_cluster_1,
          sprint2_transparent_cluster_1, sprint2_second_timed_cluster_1,
          sprint2_sniper_area_1, sprint2_heavy_combat_area_1,
          sprint2_mutation_trap_area_1, sprint2_forest_area_1,
          sprint2_light_combat_area_1, sprint2_behind_water_1,
          sprint2_near_end_vault_1]

Skill      XL: |  1  2  3  4  5  6 |
---------------+-------------------+-----
Fighting       | 6 7 9 |  9.0
Long Blades    | 3 4 6 |  6.3
Armour         | 6 8 9 |  9.5
Shields        | 6 |  6.3
Dodging        | 2 4 |  4.4

Action                     |  1- 3 |  4- 6 |  7- 9 || total
---------------------------+-------+-------+-------++-------
  Melee: Long sword        |     6 |    41 |       ||    47
    Use: Potion            |     1 |     1 |       ||     2
 Armour: Scale mail        |       |    12 |       ||    12
  Dodge: Dodged            |       |    16 |       ||    16

Table legend: (Time is in decaauts)
 A = Elapsed time spent in this place.
 B = Non-inter-level travel time spent in this place.
 C = Inter-level travel time spent in this place.
 D = Time resting spent in this place.
 E = Time spent auto-exploring this place.
 F = Levels seen in this place.
 G = Mean time per level.
                   A        B        C        D        E       F      G
               +--------+--------+--------+--------+--------+-----+--------+
         Total |     97 |     97 |      0 |     10 |      0 |   1 |   97.0 |
       Dungeon |     97 |     97 |      0 |     10 |      0 |   1 |   97.0 |
               +--------+--------+--------+--------+--------+-----+--------+

Top non-repeatable levels by time:
       D: 97 daAuts
